cohdb
Replays
Latest Replays
All Replays
Popular Replays
Top Player Replays
Match Explorer
How It Works
Community
CoH3 Stats
Reddit
Sign in to upload your games and track your stats! →
Sign in with Steam
Match 41132417
Unlisted
Match 41132417
Overview
Messages
Build Orders
End
Kradschützen Motorcycle Team
Panzergrenadier Squad
Panzergrenadier Squad
Construct Light Support Kompanie
MG34 Team
Assault Grenadier Squad
Fire Support Elements
Pak 38 Mechanized Group
Selects Battlefield Espionage Battlegroup
Selects 250/3 Funkpanzerwagen
Selects Sector Subterfuge Beacon
Selects Anti-Tank Incendiary Munitions
Construct Panzerarmee Kommand
Veteran Squad Leaders
Selects Plunder
Walking Stuka Rocket Launcher
Pak 38 Mechanized Group
Panzer III L Medium Tank
Panzer III L Medium Tank
Panzer III L Medium Tank
Emergency Repair Kits
Selects Disruption Operation
Selects Operation Skorpion
Disruption Operation
Panzer III L Medium Tank
Panzer III L Medium Tank
Disruption Operation
Panzer III L Medium Tank
Panzer III L Medium Tank
nub
FutureNP
-AL- Nimahfrosch
4-in-1 Petrol lawnmower
0
0
Comments
sign in to comment!
No comments posted yet!